 Dungeon Crawl Stone Soup version 0.31.0-12-g77e489cdc1 (webtiles) character file.

Game seed: 16215455824046991660

18566 spaghetti the Warrior (level 12, 0/145 HPs)
             Began as a Naga Chaos Knight on Mar 6, 2024.
             Was a Plaything of Xom.
             Slain by a cane toad (4 damage)
             ... on level 3 of the Lair of Beasts.
             The game lasted 00:23:44 (14601 turns).

spaghetti the Warrior (Naga Chaos Knight)          Turns: 14601, Time: 00:23:45

Health: 0/145      AC: 29    Str: 18    XL:     12   Next: 59%
Magic:  12/12      EV:  9    Int: 20    God:    Xom [.....*]
Gold:   774        SH:  5    Dex: 21    Spells: 11/11 levels left

rFire   . . .        s - +2 dagger (venom)
rCold   + + .        (no shield)
rNeg    + . .        Q - +0 acid dragon scales
rPois   +            (helmet restricted)
rElec   .            (no cloak)
rCorr   +            w - +0 pair of gloves
SInv    +            H - +10 Black Knight's barding {ponderous, rPois rN+}
Will    +....        c - amulet of reflection
Stlth   +++          t - +6 ring of dexterity
HPRegen 0.44/turn    m - +6 ring of dexterity
MPRegen 0.13/turn

%: reflection, clarity
@: on berserk cooldown, slowed, studying Fighting, very slow
A: AC +4, large, see invisible, deformed body, poison resistance, slowness 2,
spit poison 2, naga tail 1, antennae 2, stinger 1, iridescent scales 3, thin
skeletal structure 1, clarity, clever 2, clumsy 1, cold resistance 2, sense
surroundings 1, wild magic 1, sturdy frame 1
a: Breathe Poison Gas, Renounce Religion


You were on level 3 of the Lair of Beasts.
You worshipped Xom.
You were Xom's teddy bear.
You visited 2 branches of the dungeon, and saw 13 of its levels.
You also visited: Bailey.

You collected 1654 gold pieces.
You spent 880 gold pieces at shops.

Inventory:

Hand Weapons
 s - a +2 dagger of venom (weapon)
 C - a +2 whip of flaming
Missiles
 i - 105 stones
 u - 4 javelins
Armour
 a - a +3 leather armour
 w - a +0 pair of gloves (worn)
 H - the +10 Black Knight's barding (worn) {ponderous, rPois rN+}
   (You acquired it on level 2 of the Lair of Beasts)

   rPois:     It protects you from poison rN+: It protects you from negative
   energy.
 Q - +0 acid dragon scales (worn)
Jewellery
 b - a ring of protection from cold
 c - an amulet of reflection (around neck)
 l - a ring of resist corrosion
 m - a +6 ring of dexterity (right hand)
 r - a ring of protection from fire
 t - a +6 ring of dexterity (left hand)
 x - a +6 ring of dexterity
Scrolls
 d - a scroll of teleportation
 e - 6 scrolls of vulnerability
 p - 4 scrolls of amnesia
 v - 5 scrolls of enchant armour
 z - a scroll of immolation
 A - a scroll of silence
 E - a scroll of fog
 F - a scroll of poison
 I - a scroll of noise
 P - a scroll of brand weapon
Potions
 f - 4 potions of magic
 j - a potion of attraction
 k - 4 potions of enlightenment
 q - 3 potions of lignification {unknown}
 B - a potion of invisibility {unknown}
 G - 2 potions of cancellation {unknown}
 J - 5 potions of haste {unknown}
 K - a potion of brilliance {unknown}
 L - a potion of experience {unknown}
 M - 3 potions of heal wounds {unknown}
 N - a potion of resistance {unknown}
 O - a potion of mutation {unknown}


   Skills:
 + Level 20.2 Fighting
 - Level 3.0 Armour
 - Level 2.5 Dodging
 - Level 3.0 Unarmed Combat
 - Level 14.0 Evocations


You had 11 spell levels left.
You didn't know any spells.
Your spell library contained the following spells:

 Spells                   Type           Power      Damage    Failure   Level
 Apportation              Tloc           0%         N/A       30%         1
 Necrotise                Necr           0%         1d4       30%         1
 Sting                    Conj/Alch      0%         1d3       30%         1
 Summon Small Mammal      Summ           0%         N/A       30%         1
 Cigotuvi's Dreadful Rot  Necr/Alch/Air  0%         N/A       41%         2
 Ensorcelled Hibernation  Hex/Ice        0%         N/A       41%         2
 Mercury Vapours          Alch/Air       0%         N/A       41%         2
 Static Discharge         Conj/Air       0%         3-3/arc   41%         2
 Call Canine Familiar     Summ           0%         N/A       63%         3
 Gell's Gravitas          Tloc           0%         N/A       63%         3
 Inner Flame              Hex/Fire       0%         N/A       63%         3
 Ozocubu's Armour         Ice            0%         N/A       63%         3
 Passwall                 Erth           0%         N/A       63%         3
 Stone Arrow              Conj/Erth      0%         3d7       63%         3
 Swiftness                Air            0%         N/A       63%         3
 Teleport Other           Tloc           0%         N/A       63%         3
 Animate Armour           Summ/Erth      0%         N/A       95%         4
 Ignite Poison            Fire/Alch      0%         N/A       95%         4
 Olgreb's Toxic Radiance  Alch           0%         N/A       95%         4
 Summon Blazeheart Golem  Fire/Summ      0%         N/A       95%         4
 Freezing Cloud           Conj/Ice/Air   0%         6-21      100%        5
 Irradiate                Conj/Alch      0%         3d11      100%        5
 Dispersal                Tloc           0%         N/A       100%        6
 Orb of Destruction       Conj           0%         9d5       100%        7
 Spellforged Servitor     Conj/Summ      0%         N/A       100%        7
 Ignition                 Fire           0%         3d3       100%        8
 Lehudib's Crystal Spear  Conj/Erth      0%         10d2      100%        8
 Polar Vortex             Ice            0%         N/A       100%        9


Dungeon Overview and Level Annotations

Branches:
Dungeon (10/15)            Temple (0/1) D:7            Lair (3/5) D:9
  Swamp (0/4) Lair:3        Snake (0/4) Lair:2       Bailey (visited)
    Orc: D:9-12

Altars:
Ashenzari
Cheibriados
Elyvilon
Gozag
Makhleb
Nemelex Xobeh
Ru
Sif Muna
Trog
Wu Jian
Xom
Yredelemnul
Zin

Shops:
D:2 :   D:5 :   D:6 *   D:7 !

Annotations:
D:4 1 runed translucent door
D:8 2 transporters, seawaffle's ghost, novice OpSh


Innate Abilities, Weirdness & Mutations

Your serpentine skin is tough. (AC +4)
You have supernaturally acute eyesight. (SInv)
Armour fits poorly on your strangely shaped body.
Your system is resistant to poisons. (rPois)
You cover ground very slowly.
You can exhale a cloud of poison.
You have a snake-like lower body.
You have a pair of antennae on your head.
Your tail ends in a venomous barb.
You are completely covered in iridescent scales. (AC +6)
You have a somewhat thin skeletal structure. (Dex +2, Stealth+)
You possess an exceptional clarity of mind.
Your mind is very acute. (Int +8, Str/Dex -2)
You are clumsy. (Dex -2)
Your flesh is very cold resistant. (rC++)
You passively map a small area around you.
Your spells are a little harder to cast, but a little more powerful.
Your movements are slightly less encumbered by armour. (ER -2)


Message History

Press: ? - help, Shift-Dir - straight line, f/p - cane toad
Aim: a cane toad (severely wounded, 73% to hit)
You throw a throwing net. The throwing net hits the cane toad.
The cane toad is caught in the net!
The cane toad is severely wounded.
The cane toad struggles against the net. x2
Unknown command.
The cane toad struggles against the net. x2
The net rips apart, and the cane toad comes free!
You hit the cane toad.
The cane toad is severely wounded.
The cane toad barely misses you. The cane toad stings you.
* * * LOW HITPOINT WARNING * * *
You are lethally poisoned!
The cane toad poisons you!
You feel better. The cane toad closely misses you. The cane toad stings you.
* * * LOW HITPOINT WARNING * * *
Unknown command.
Unknown command.
Okay, then.
You feel better. You block the cane toad's attack.
The cane toad stings you but does no damage.
You hit the cane toad.
The cane toad is severely wounded.
The cane toad stings you!
* * * LOW HITPOINT WARNING * * *
Xom thinks this is hilarious!
Unknown command.
Okay, then.
Okay, then.
Okay, then.
You hit the cane toad but do no damage.
The cane toad is severely wounded.
You have got your breath back.
You block the cane toad's attack. The cane toad barely misses you.
You hit the cane toad.
The cane toad is almost dead.
The cane toad stings you but does no damage.
The cane toad stings you.
You die...

#........# .#####...#
*#.........# ...####..
#.#........## ......###*
##..........# #####.......
* ,
#P.........####.##........
.................†........
,
................†......§..
.........................
..........@F............
....................... ,
.......................
.......................,
.....:............§... P
P#P.#..#.####....#####
*######.## ###### * *#*


You could see a cane toad.

Vanquished Creatures
  2 two-headed ogres (D:9)
  A catoblepas (Lair:3)
  A skyshark (Lair:2)
  An orc knight (Bailey)
  A salamander (Lair:3)
  2 elephants (Lair:2)
  2 black mambas (Lair:2)
  3 cane toads
  4 rime drakes
  2 komodo dragons (Lair:2)
  3 wyverns
  33 yaks
  3 fire bats (Lair:3)
  5 nagas (Lair:2)
  An acid dragon (D:9)
  2 swamp worms (Lair:3)
  A water moccasin (Lair:2)
  A swamp drake (D:9)
  An orc warrior (D:6)
  2 sky beasts (D:7)
  3 black bears
  5 ice beasts
  3 wolves (D:9)
  An ogre (D:5)
  4 centaurs
  A kobold brigand (D:8)
  4 bullfrogs
  A gnoll sergeant (D:6)
  2 scorpions
  9 wights (D:9)
  9 killer bees
  3 jellies
  3 orc priests
  A gnoll bouda (D:8)
  3 hounds
  4 iguanas
  7 orc wizards
  24 gnolls
  6 adders
  2 white imps
  3 ribbon worms
  2 dart slugs
  44 orcs
  7 bats
  5 endoplasms
  4 giant cockroaches
  15 goblins
  4 hobgoblins
  4 jackals (D:2)
  4 quokkas
  9 ball pythons
  5 frilled lizards
  17 kobolds
  9 rats
298 creatures vanquished.

Vanquished Creatures (collateral kills)
  A black mamba (Lair:2)
  An elephant (Lair:2)
  A rime drake (Lair:3)
  A water moccasin (Lair:3)
  2 scorpions
  A gnoll (D:3)
  A frilled lizard (D:3)
8 creatures vanquished.

Vanquished Creatures (others)
  A sky beast (D:6)
  A bullfrog (Lair:2)
2 creatures vanquished.

Grand Total: 308 creatures vanquished

Notes
Turn   | Place    | Note
-------+----------+-------------------------------------------
     0 | D:1      | spaghetti the Naga Chaos Knight began the quest for the
                  | Orb.
     0 | D:1      | Reached XP level 1. HP: 21/21 MP: 1/1
    42 | D:1      | XOM: potion effect (invisibility)
   107 | D:1      | XOM: silly message
   114 | D:1      | XOM: scenery: create altars
   128 | D:1      | Reached XP level 2. HP: 28/28 MP: 2/2
   206 | D:1      | XOM: give mutations
   206 | D:1      | Gained mutation: You expend magic power (3 MP) to
                  | strengthen your wands. [Xom's grace]
   206 | D:1      | Gained mutation: You have a pair of small antennae on your
                  | head. [Xom's grace]
   290 | D:1      | XOM: god gift: 5 stones
   336 | D:1      | XOM: god gift: 8 stones
   342 | D:1      | Reached skill level 4 in Fighting
   408 | D:1      | XOM: give mutation
   408 | D:1      | Gained mutation: You have an increased reservoir of magic.
                  | (+10% MP) [Xom's grace]
   424 | D:1      | Reached XP level 3. HP: 36/36 MP: 3/3
   461 | D:1      | XOM: 8-stop teleportation journey
   586 | D:1      | XOM: give mutations
   586 | D:1      | Gained mutation: Your tail ends in a venomous barb. [Xom's
                  | grace]
   586 | D:1      | Gained mutation: You are partially covered in iridescent
                  | scales. (AC +2) [Xom's grace]
   586 | D:1      | Gained mutation: You have a pair of antennae on your head.
                  | [Xom's grace]
   586 | D:1      | Gained mutation: Your movements are slightly less
                  | encumbered by armour. (ER -2) [Xom's grace]
   932 | D:1      | XOM: god gift: 1012 gold pieces
   971 | D:1      | XOM: divination: detect creatures
   989 | D:1      | XOM: god gift: scroll labelled BUSTOA ADOR {god gift}
  1141 | D:2      | XOM: smoke on damage
  1283 | D:2      | XOM is BORED!
  1283 | D:2      | XOM: draining
  1306 | D:2      | XOM: divination: magic mapping
  1438 | D:2      | Reached XP level 4. HP: 39/40 MP: 4/4
  1544 | D:2      | XOM: give mutations
  1544 | D:2      | Gained mutation: You can exhale a cloud of poison. [Xom's
                  | grace]
  1544 | D:2      | Gained mutation: Your flesh is cold resistant. (rC+) [Xom's
                  | grace]
  1563 | D:2      | XOM: give mutations
  1563 | D:2      | Gained mutation: You possess an exceptional clarity of
                  | mind. [Xom's grace]
  1563 | D:2      | Gained mutation: Your mind is acute. (Int +4, Str/Dex -1)
                  | [Xom's grace]
  1597 | D:2      | Got the Secrets of Floating Hypothermia
  1671 | D:2      | XOM: scenery: summon butterflies
  1795 | D:2      | Found Kinam's Vocational Training.
  1803 | D:2      | Bought a manual of Evocations for 880 gold pieces
  1815 | D:2      | XOM: scenery: 1 doors close
  1858 | D:2      | XOM: give mutation
  1858 | D:2      | Gained mutation: You are clumsy. (Dex -2) [Xom's mischief]
  1925 | D:2      | XOM: scenery: summon butterflies
  1983 | D:3      | Noticed a scorpion
  1992 | D:3      | Reached skill level 5 in Fighting
  2003 | D:3      | XOM: blink monster(s)
  2004 | D:3      | Reached skill level 1 in Evocations
  2009 | D:3      | Killed a scorpion
  2010 | D:3      | Reached XP level 5. HP: 36/52 MP: 5/5
  2278 | D:3      | Found a shimmering altar of Xom.
  2471 | D:3      | XOM: cloud trail
  2523 | D:3      | Found a glowing silver altar of Zin.
  2569 | D:3      | Found a burning altar of Makhleb.
  2570 | D:3      | Noticed an angel
  2572 | D:3      | Noticed a green death
  2758 | D:4      | Found a runed translucent door.
  2758 | D:4      | Noticed a human
  2833 | D:4      | Found an opulent altar of Gozag.
  2897 | D:4      | Noticed a black bear
  2900 | D:4      | XOM: potion effect (attraction)
  2901 | D:4      | Killed a black bear
  2902 | D:4      | Reached XP level 6. HP: 53/62 MP: 6/6
  2924 | D:4      | Reached skill level 6 in Fighting
  3112 | D:4      | Reached skill level 5 in Evocations
  3269 | D:4      | XOM: 1-stop teleportation journey
  3281 | D:4      | Found a white marble altar of Elyvilon.
  3578 | D:4      | XOM: silly message
  3804 | D:4      | XOM: god gift: 3 javelins
  3896 | D:4      | XOM: divination: detect items
  4044 | D:4      | XOM: divination: magic mapping
  4155 | D:4      | Found a basalt altar of Yredelemnul.
  4216 | D:5      | Entered Level 5 of the Dungeon
  4256 | D:5      | Reached XP level 7. HP: 35/70 MP: 7/7
  4435 | D:5      | XOM is BORED!
  4435 | D:5      | XOM: summons 4 hostile demons
  4657 | D:5      | Reached skill level 7 in Fighting
  4791 | D:5      | XOM: cloud trail
  4958 | D:5      | Found a broken altar of Ashenzari.
  5048 | D:5      | Found Xireth's Tremendous Tomes.
  5090 | D:5      | XOM: enchant monster (bad)
  5096 | D:5      | XOM: give mutation
  5096 | D:5      | Lost mutation: You expend magic power (3 MP) to strengthen
                  | your wands. [Xom's mischief]
  5110 | D:5      | Reached XP level 8. HP: 61/80 MP: 8/8
  5412 | D:6      | Noticed a wyvern
  5417 | D:6      | Killed a wyvern
  5448 | D:6      | Reached skill level 8 in Fighting
  5468 | D:6      | XOM: blink monster(s)
  5546 | D:6      | XOM: 2-stop teleportation journey
  5568 | D:6      | XOM: summons 1 hostile demon
  5981 | D:6      | XOM: enchant monster (bad)
  5984 | D:6      | XOM: polymorph shadow imp -> white imp
  5987 | D:6      | Reached skill level 10 in Evocations
  5991 | D:6      | XOM: cleaving
  6097 | D:6      | XOM: give mutations
  6097 | D:6      | Gained mutation: Your spells are a little harder to cast,
                  | but a little more powerful. [Xom's grace]
  6097 | D:6      | Gained mutation: You are mostly covered in iridescent
                  | scales. (AC +4) [Xom's grace]
  6097 | D:6      | Gained mutation: Your flesh is very cold resistant. (rC++)
                  | [Xom's grace]
  6100 | D:6      | Reached XP level 9. HP: 90/90 MP: 9/9
  6116 | D:6      | Reached skill level 9 in Fighting
  6219 | D:6      | Found Fyegral's Elemental Accessories.
  6261 | D:6      | Found a sparkling altar of Nemelex Xobeh.
  6431 | D:6      | XOM: scenery: create altars
  6576 | D:7      | XOM: stealth player
  6641 | D:7      | Found a bloodstained altar of Trog.
  6655 | D:7      | Found Fehol's Distillery.
  6694 | D:7      | XOM: give mutations
  6694 | D:7      | Lost mutation: You have a pair of antennae on your head.
                  | [Xom's mischief]
  6694 | D:7      | Lost mutation: You have an increased reservoir of magic.
                  | (+10% MP) [Xom's mischief]
  6694 | D:7      | Lost mutation: Your flesh is very cold resistant. (rC++)
                  | [Xom's mischief]
  6795 | D:7      | Found a staircase to the Ecumenical Temple.
  6814 | D:7      | XOM: summons 2 friendly demons
  6847 | D:7      | XOM: scenery: summon butterflies
  6852 | D:7      | XOM: draining
  7208 | D:7      | XOM: 2-stop teleportation journey
  7252 | D:7      | XOM: god gift: There-And-Back Book
  7526 | D:7      | XOM: god gift: scroll of vulnerability
  7665 | D:8      | XOM: 3-stop teleportation journey
  7763 | D:8      | Reached skill level 10 in Fighting
  7984 | D:8      | Found a flagged portal.
  7996 | Bailey   | XOM: noise
  7996 | Bailey   | Entered a bailey
  8075 | Bailey   | XOM: swap monsters
  8084 | Bailey   | Noticed an orc knight
  8084 | Bailey   | XOM: 3-stop teleportation journey
  8368 | Bailey   | XOM: summons friendly ufetubus
  8369 | Bailey   | Killed an orc knight
  8370 | Bailey   | Reached XP level 10. HP: 41/103 MP: 10/10
  8446 | Bailey   | XOM: 1-stop teleportation journey
  8692 | D:8      | XOM: divination: detect items
  8730 | D:8      | Noticed a cyclops
  8731 | D:8      | Noticed seawaffle's ghost (novice OpSh)
  8747 | D:8      | Found a shimmering blue altar of Sif Muna.
  8807 | D:8      | XOM: noise
  8812 | D:8      | Found a transporter.
  8823 | D:8      | Found a transporter.
  8841 | D:8      | Found a sacrificial altar of Ru.
  9189 | D:9      | Noticed a two-headed ogre
  9194 | D:9      | XOM: potion effect (haste)
  9196 | D:9      | XOM: divination: detect items
  9209 | D:9      | Killed a two-headed ogre
  9210 | D:9      | Reached skill level 11 in Fighting
  9604 | D:10     | Entered Level 10 of the Dungeon
  9968 | D:9      | XOM: enchant monster (good)
 10119 | D:9      | XOM: god gift: scroll labelled PEOMNO OLIP {god gift}
 10170 | D:9      | XOM: summons friendly shadow imp
 10178 | D:9      | XOM: fog
 10201 | D:9      | XOM: scenery: summon butterflies
 10203 | D:9      | Found a snail-covered altar of Cheibriados.
 10431 | D:9      | XOM: summons 2 friendly demons
 10433 | D:9      | Reached skill level 1 in Dodging
 10434 | D:9      | Reached skill level 12 in Fighting
 10472 | D:9      | XOM: give mutations
 10472 | D:9      | Gained mutation: You have a pair of antennae on your head.
                  | [Xom's grace]
 10472 | D:9      | Gained mutation: You have a somewhat thin skeletal
                  | structure. (Dex +2, Stealth+) [Xom's grace]
 10703 | D:9      | Reached XP level 11. HP: 72/114 MP: 11/11
 10888 | D:9      | Found a staircase to the Lair.
 10936 | D:9      | XOM: 2-stop teleportation journey
 10957 | D:9      | Found an ornate altar of the Wu Jian Council.
 10997 | D:9      | Identified 3 scrolls of acquirement
 10997 | D:9      | Acquired a manual of Fighting
 11175 | D:9      | Noticed a two-headed ogre
 11183 | D:9      | Killed a two-headed ogre
 11188 | D:9      | XOM: polymorph troll -> swamp drake
 11196 | D:9      | Reached skill level 13 in Fighting
 11269 | D:9      | XOM: smoke on damage
 11357 | D:9      | XOM: potion effect (haste)
 11359 | D:9      | XOM: noise
 11592 | Lair:1   | Entered Level 1 of the Lair of Beasts
 11626 | Lair:1   | You fall into a shaft and drop 1 floor!
 11634 | Lair:2   | XOM: enchant monster (bad)
 11635 | Lair:2   | XOM: enchant monster (good)
 11636 | Lair:2   | XOM: divine lightning
 11653 | Lair:2   | XOM: god gift: mace {god gift}
 11657 | Lair:2   | Reached skill level 14 in Fighting
 11809 | Lair:2   | Acquired a manual of Fighting
 11811 | Lair:2   | Acquired the +10 Black Knight's barding {ponderous, rPois
                  | rN+}
 11811 | Lair:2   | Found the +10 Black Knight's barding {ponderous, rPois rN+}
 11817 | Lair:2   | XOM: 6-stop teleportation journey
 11862 | Lair:2   | XOM: give mutations
 11862 | Lair:2   | Gained mutation: You are completely covered in iridescent
                  | scales. (AC +6) [Xom's grace]
 11862 | Lair:2   | Gained mutation: You passively map a small area around you.
                  | [Xom's grace]
 11862 | Lair:2   | Gained mutation: Your mind is very acute. (Int +8, Str/Dex
                  | -2) [Xom's grace]
 11862 | Lair:2   | Gained mutation: Your flesh is very cold resistant. (rC++)
                  | [Xom's grace]
 11869 | Lair:2   | XOM: scenery: 1 doors open
 11913 | Lair:2   | XOM: summons 11 friendly demons
 12053 | Lair:2   | Reached skill level 15 in Fighting
 12131 | Lair:2   | XOM: summons 6 friendly demons
 12264 | Lair:2   | XOM: divination: magic mapping
 12291 | Lair:2   | XOM: destruction
 12295 | Lair:2   | XOM: enchant monster (bad)
 12304 | Lair:2   | Reached skill level 16 in Fighting
 12359 | Lair:2   | Noticed a skyshark
 12386 | Lair:2   | XOM: noise
 12402 | Lair:2   | HP: 6/126 [skyshark (12)]
 12406 | Lair:2   | HP: 2/126 [poisoned by a black mamba]
 12425 | Lair:2   | Killed a skyshark
 12858 | Lair:2   | Reached skill level 17 in Fighting
 12874 | Lair:2   | XOM: god gift: scroll of enchant armour
 12877 | Lair:2   | Reached XP level 12. HP: 46/136 MP: 12/12
 13003 | Lair:2   | XOM: divination: magic mapping
 13036 | Lair:2   | XOM: 4-stop teleportation journey
 13089 | Lair:2   | XOM: cloud trail
 13380 | Lair:2   | XOM: silly message
 13395 | Lair:2   | Reached skill level 18 in Fighting
 13407 | Lair:2   | XOM: potion effect (haste)
 13524 | Lair:2   | XOM: silly message
 13663 | Lair:2   | XOM: stat loss: -1 Dex (20/21)
 13906 | Lair:2   | Found a staircase to the Snake Pit.
 13906 | Lair:2   | XOM: draining
 14012 | Lair:3   | XOM: divination: detect creatures
 14096 | Lair:3   | XOM: snakes to sticks
 14102 | Lair:3   | Found a dark tunnel.
 14102 | Lair:3   | XOM: 7-stop teleportation journey
 14106 | Lair:3   | Reached skill level 19 in Fighting
 14113 | Lair:3   | XOM: cast spell 'Summon Horrible Things'
 14158 | Lair:3   | XOM: scenery: summon butterflies
 14347 | Lair:3   | Found a staircase to the Swamp.
 14361 | Lair:3   | XOM: polymorph tyrant leech -> salamander
 14576 | Lair:3   | Noticed a catoblepas
 14587 | Lair:3   | Killed a catoblepas
 14588 | Lair:3   | Reached skill level 20 in Fighting
 14591 | Lair:3   | HP: 7/145 [poisoned by a cane toad]
 14599 | Lair:3   | HP: 2/145 [cane toad (14)]
 14601 | Lair:3   | Slain by a cane toad

Illustrated notes

Levels and vault maps discovered:
D:1:      dpeg_arrival_subterranean_lakeside_camping, layout_basic
D:2:      layout_basic, minmay_misc_feat_four_crosses, minmay_misc_feat_rows,
          grunt_decor_one_mirror, grunt_decor_clamped, grunt_ministairs_8,
          minivault_26, st_stairs_12, nicolae_shop_vocational
D:3:      layout_rooms, grunt_temple_overflow_order_and_chaos_2,
          nicolae_overflow_crystal_walls, minmay_joined_circles
D:4:      layout_layer_cave, mainiacjoe_overflow_cross_hatched,
          elyvilon_altar_4, dk_yredelemnul_ordeal
D:5:      layout_basic, mainiacjoe_overflow_small_starburst,
          reono_crystal_passage, nicolae_shop_i_like_big_books
D:6:      layout_basic, nemelex_altar_shiori, nicolae_elemental_shop,
          grunt_ministairs_2
D:7:      layout_loops_cross, trog_book, minmay_temple_entry_arrows,
          serial_shops, nicolae_take_the_stairs
D:8:      layout_loops_cross, nicolae_sif_muna_condensation,
          nicolae_ru_the_path_less_chosen, enter_bailey_5, gammafunk_ghost_arena
D:9:      layout_basic, nicolae_wu_jian_immortal_techniques,
          kennysheep_mini_moat, hellmonk_lair_entry_icy
D:10:     layout_irregular_city, okawaru_gym_becter,
          worldfamousw_hep_ancestral_shrine, fountainhead
Lair:1:   layout_small_grid, chequers_serial_rivers_micro_a, grunt_megastairs_3
Lair:2:   layout_chaotic_city, minmay_snake_entry_guardpost_medium,
          columned_hall_lemuel, grunt_forest_small_clearing_treed
Lair:3:   layout_big_grid, minmay_swamp_entry_worms,
          nicolae_volcano_entry_batcave

Skill      XL: |  1  2  3  4  5  6  7  8  9 10 11 12 |
---------------+-------------------------------------+-----
Fighting       | 4 5 6 7 8 10 12 17 20 | 20.2
Evocations     | 2 4 5 7 10 13 14 | 14.0
Dodging        | 2 |  2.5
Armour         | 2 3 |  3.0
Unarmed Combat | |  3.0

Action                     |  1- 3 |  4- 6 |  7- 9 | 10-12 || total
---------------------------+-------+-------+-------+-------++-------
  Melee: Unarmed           |   146 |   129 |       |       ||   275
         Punch             |     2 |     6 |    14 |    26 ||    48
         Dagger            |       |    18 |   302 |   516 ||   836
         Whip              |       |       |       |    43 ||    43
  Throw: Throwing net      |       |       |       |     1 ||     1
Ability: Spit Poison       |    37 |     2 |       |       ||    39
         Breathe Poison Ga |       |    11 |    41 |    64 ||   116
  Evoke: Wand              |       |       |       |     8 ||     8
    Use: Scroll            |     5 |     5 |     3 |    13 ||    26
         Potion            |       |       |       |     5 ||     5
   Stab: Invisible         |     2 |       |       |       ||     2
         Distracted        |       |       |     1 |     1 ||     2
         Confused          |       |       |     1 |       ||     1
 Armour: Leather armour    |   122 |    92 |   301 |   161 ||   676
         Acid dragon scale |       |       |       |   453 ||   453
  Dodge: Dodged            |   102 |    56 |   169 |   313 ||   640
  Block: Other             |       |     8 |    67 |   129 ||   204
         Reflection        |       |     1 |     1 |     2 ||     4
